Map: Dusk Towers

Players

Seppe

  • Race: Terran Terran
  • League: Platinum

A.I. 1 (Elite) - Winner!

  • Race: Zerg Zerg

VOD

Have the link to the VOD?

Description

Time

  • Played on: Nov. 19, 2015, 7:35 p.m.
  • Length: 5:35
Show
View Real Time Build Order
Export as new Build Order

Seppe Terran 

Build Orders: Liberator Opening, Reaper Expand 

Get SALT Encoding   

  12  0:00  SCV  
  13  0:13  SCV  
  14  0:18  Supply Depot  
  14  0:26  SCV  
  15  0:29  Refinery  
  15  0:39  SCV  
  16  0:46  Barracks  
  16  0:51  SCV  
  17  1:03  SCV  
  18  1:05  Supply Depot  
  18  1:15  SCV  
  19  1:33  Reaper, Orbital Command  
  20  1:56  Command Center  
  20  2:00  SCV  
  21  2:05  Reaper  
  22  2:08  Refinery  
  22  2:12  SCV  
  23  2:22  Factory  
  23  2:25  SCV  
  24  2:37  SCV  
  24  2:38  Barracks Reactor  
  24  2:43  Supply Depot  
  25  2:50  SCV  
  26  3:02  SCV  
  27  3:08  Starport, Widow Mine  
  29  3:14  Orbital Command  
  29  3:19  Engineering Bay  
  29  3:23  SCV  
  29  3:25  Barracks Tech Lab  
  30  3:43  SCV x2  
  30  3:44  Liberator  
  30  3:46  Hellion x2  
  36  3:54  Barracks Reactor, Supply Depot, Armory  
  36  3:55  SCV x2  
  41  4:07  SCV x2  
  43  4:11  Hellion x2  
  47  4:19  SCV x2  
  49  4:27  Liberator  
  49  4:28  Refinery  
  49  4:31  SCV x2, Widow Mine, Marine  
  49  4:32  Widow Mine, Marine  
  57  4:43  SCV x2  
  62  4:55  Supply Depot  
  62  4:58  Refinery, Marine x2  
  64  5:02  Hellbat x2  
  64  5:05  SCV x2  
  70  5:11  Supply Depot  
  70  5:16  Marine x2  
  70  5:18  SCV x2  
  74  5:26  Supply Depot  
Show
View Real Time Build Order
Export as new Build Order

A.I. 1 (Elite) Zerg - Winner!

Build Orders: Hatch First 

Get SALT Encoding   

  12  0:00  Drone  
  13  0:12  Overlord  
  13  0:17  Drone  
  14  0:30  Drone x2  
  14  0:34  Drone  
  17  0:55  Hatchery  
  17  0:56  Drone  
  17  1:12  Spawning Pool  
  17  1:13  Extractor  
  17  1:15  Drone  
  16  1:19  Drone  
  16  1:22  Drone  
  18  1:27  Drone  
  19  1:38  Overlord  
  19  1:49  Drone  
  20  1:59  Zergling x2  
  20  2:00  Queen  
  23  2:06  Drone  
  24  2:09  Extractor  
  24  2:14  Queen  
  25  2:19  Drone  
  26  2:24  Drone  
  26  2:29  Drone  
  28  2:32  Drone  
  29  2:47  Roach Warren  
  29  2:48  Drone  
  29  2:52  Drone  
  29  2:55  Zergling x2  
  32  2:58  Zergling x2  
  32  3:04  Overlord  
  32  3:08  Drone  
  32  3:10  Drone  
  34  3:29  Roach x2  
  34  3:30  Roach x2  
  42  3:34  Lair  
  42  3:39  Overlord  
  42  3:44  Overlord  
  42  3:47  Zergling x2  
  43  3:49  Zergling x2  
  44  3:57  Drone x2, Zergling x2  
  44  4:00  Drone  
  44  4:02  Drone  
  49  4:05  Drone  
  50  4:10  Overlord  
  50  4:13  Roach  
  52  4:17  Roach  
  52  4:21  Roach  
  52  4:24  Roach  
  58  4:28  Overlord  
  58  4:34  Drone, Hydralisk Den  
  58  4:37  Drone  
  59  4:39  Drone  
  59  4:42  Roach  
  59  4:45  Roach  
  64  4:49  Overlord  
  64  5:03  Drone, Hydralisk  
  64  5:04  Hydralisk x2  
  64  5:06  Drone  
  72  5:07  Drone  
  72  5:09  Drone  
  72  5:11  Drone  
  75  5:15  Overlord  
  75  5:17  Drone  
  75  5:19  Drone  
  75  5:20  Drone  
  78  5:23  Drone  
Tags
 
Add a new tag
Caveats
  • Supply blocks, unpowered buildings, or Contaminate may cause inaccurate times.
  • Supply counts are checked every 10 seconds.